 Dungeon Crawl Stone Soup version 0.30.1-11-g7821555f0a (webtiles) character file.

Game seed: 8620613946850726610

151 UltimateWarrior the Trooper (level 5, 0/55 HPs)
             Began as an Ogre Fighter on Dec 4, 2023.
             Was an Initiate of Nemelex Xobeh.
             Slain by an orc
             ... wielding a +0 flail
              (2 damage)
             ... on level 4 of the Dungeon.
             The game lasted 00:03:18 (846 turns).

UltimateWarrior the Trooper (Ogre Fighter)           Turns: 846, Time: 00:03:19

Health: 0/55       AC:  3    Str: 20    XL:     5   Next: 33%
Magic:  6/6        EV: 10    Int: 11    God:    Nemelex Xobeh [......]
Gold:   80         SH:  0    Dex:  8    Spells: 6/6 levels left

rFire   . . .        d - +1 giant spiked club
rCold   . . .        (shield currently unavailable)
rNeg    . . .        b - +0 robe
rPois   .            (helmet restricted)
rElec   .            (no cloak)
rCorr   .            (gloves unavailable)
SInv    .            (boots unavailable)
Will    .....        h - amulet of reflection
Stlth   +            (no ring)
HPRegen 0.29/turn    (no ring)
MPRegen 0.10/turn

%: reflection
@: confused, ambrosia-drunk
A: large, unfitting armour, tough skin 1
a: Renounce Religion, Draw Escape, Draw Destruction, Draw Summoning


You were on level 4 of the Dungeon.
You worshipped Nemelex Xobeh.
Nemelex Xobeh was noncommittal.
You visited 1 branch of the dungeon, and saw 4 of its levels.

You collected 80 gold pieces.

Inventory:

Hand Weapons
 a - a +0 war axe
 d - a +1 giant spiked club (weapon)
Missiles
 k - 2 javelins (quivered)
Armour
 b - a +0 robe (worn)
 c - a +0 kite shield
Jewellery
 h - an amulet of reflection (around neck)
Potions
 e - a potion of curing {unknown}
 g - 2 potions of flight


   Skills:
 * Level 4.6 Fighting
 - Level 3.0 Axes
 * Level 0.3 Throwing
 * Level 0.5 Armour
 * Level 3.2 Dodging
 * Level 0.7 Stealth
 * Level 3.7 Shields
 * Level 1.1 Spellcasting
 * Level 0.5 Invocations


You had 6 spell levels left.
You didn't know any spells.
Your spell library was empty.

Dungeon Overview and Level Annotations

Branches:
Dungeon (4/15)             Temple (0/1) D:4

Altars:
Nemelex Xobeh


Innate Abilities, Weirdness & Mutations

You are too large for most types of armour.
You have tough skin. (AC +1)


Message History

Found 3 gold pieces.
An orc comes into view. It is wielding a +0 dagger.
The orc shouts!
A hound comes into view.
An orc comes into view. It is wielding a +0 flail.
An orc priest comes into view. It is wielding a +0 whip.
The hound barks!
The orc shouts!
The orc priest shouts!
As you read the scroll labelled VEDAHAG WYGGEFA, it crumbles to dust.
You feel aware of your surroundings.
It was a scroll of magic mapping.
As you read the scroll labelled ACZEG HOUGURAPP, it crumbles to dust.
You hear a loud clanging noise!
It was a scroll of noise.
You hear a shout!
You hear an angry hiss.
You hear a shout!
The hound barely misses you.
The orc priest mumbles some strange prayers to Beogh against you.
Beogh smites you! You block the hound's attack.
As you read the scroll labelled KAEZUNKOTHRA, it crumbles to dust.
It is a scroll of enchant weapon.
Your +0 giant spiked club glows red for a moment.
The orc hits you with a +0 dagger. The hound bites you.
It was a potion of ambrosia.
You are confused.
You feel invigorated. The hound bites you. The orc hits you but does no damage.
The hound closely misses you. The orc hits you with a +0 dagger.
The orc priest invokes the aid of Beogh against you.
Beogh smites you! The hound attacks as you move away! The hound bites you.
The orc hits you with a +0 flail.
* * * LOW HITPOINT WARNING * * *
The orc closely misses you.
The orc priest mumbles some strange prayers to Beogh against you.
Beogh smites you!
* * * LOW HITPOINT WARNING * * *
The hound bites you.
* * * LOW HITPOINT WARNING * * *
The hound attacks as you move away! The hound bites you but does no damage.
The orc attacks as you move away! The orc hits you with a +0 flail.
You die...
Your body disappears without a glow.

.........# #.#...+,,,,,,,,,,,
.........# #.#...##**,*****,*
.........# #.#....# *,,,,,>,,
.........#######.#....###,,*****,
....#...(................,,,,,,,,
....#....................,,,,,,,,
....#....................,,,,,,,,
....#.####...............,,,,,,,,
....+...........@o.......,,,,,,,,
....#.####......ho.o.....,,,,,,,*
....##* #...............,,,,,,,,
'####****#...............,,,,,,,,
.# *,,,,...........(.....,,,,,,,,
.# *,,...................,,,,,,,,
.###,.............$......,,,,,,,*
...,....,................,,,,,,,,
.###....,................,,,,,,,,


You could see a hound, an orc priest and 2 orcs.

Vanquished Creatures
  An ogre (D:4)
  2 adders
  A worm (D:3)
  3 dart slugs
  A ball python (D:4)
  A bat (D:3)
  6 endoplasms
  A giant cockroach (D:2)
  2 goblins (D:3)
  3 hobgoblins
  3 jackals (D:2)
  2 quokkas
  3 frilled lizards
  5 kobolds
  3 rats
37 creatures vanquished.

Notes
Turn   | Place    | Note
-------+----------+-------------------------------------------
     0 | D:1      | UltimateWarrior the Ogre Fighter began the quest for the
                  | Orb.
     0 | D:1      | Reached XP level 1. HP: 24/24 MP: 1/1
   117 | D:1      | Reached XP level 2. HP: 28/32 MP: 2/2
   226 | D:2      | Identified the +0 leather armour of Gravity {Int+3}
   521 | D:2      | Reached XP level 3. HP: 33/40 MP: 3/3
   560 | D:3      | Reached XP level 4. HP: 30/49 MP: 4/4
   633 | D:3      | Found a sparkling altar of Nemelex Xobeh.
   637 | D:3      | Became a worshipper of Nemelex Xobeh the Trickster
   785 | D:4      | Noticed an ogre
   793 | D:4      | Killed an ogre
   794 | D:4      | Reached skill level 1 in Spellcasting
   794 | D:4      | Reached XP level 5. HP: 29/55 MP: 4/6
   845 | D:4      | HP: 2/55 [hound (1)]
   846 | D:4      | Slain by an orc

Illustrated notes

Levels and vault maps discovered:
D:1:      lemuel_arrival_funnel, layout_basic
D:2:      layout_loops_cross, basic_altar, minmay_stone_trees_small
D:3:      layout_basic, nemelex_diamond_rough_becter, grunt_qazlal_clouds,
          ebering_ecumenical_altar_petrified, minmay_guardbox
D:4:      layout_basic, minmay_temple_entry_glass, wad_floor_pattern_2,
          chequers_arboretum

Skill      XL: |  1  2  3  4 |
---------------+-------------+-----
Dodging        | 3 |  3.2
Axes           | 3 |  3.0
Spellcasting   | 1 |  1.1
Fighting       | |  4.6
Throwing       | |  0.3
Armour         | |  0.5
Stealth        | |  0.7
Shields        | |  3.7
Invocations    | |  0.5

Action                     |  1- 3 |  4- 6 || total
---------------------------+-------+-------++-------
  Melee: War axe           |    75 |    11 ||    86
         Giant spiked club |       |     2 ||     2
  Throw: Javelin           |       |     5 ||     5
    Use: Scroll            |       |     5 ||     5
         Potion            |       |     2 ||     2
 Armour: Robe              |    25 |     5 ||    30
  Dodge: Dodged            |    24 |     7 ||    31
  Block: Kite shield       |    57 |     3 ||    60
         Reflection        |     1 |       ||     1
         Other             |       |     1 ||     1
